2964 views
Uploaded 2020-02-26 15:47:18
Game version 1.32.2
18:14 long 4on4 ladder game on (8)Northshire_LV
Saved by iggythefisk
2964 views
Uploaded 2020-02-26 15:47:18
Game version 1.32.2
18:14 long 4on4 ladder game on (8)Northshire_LV


157 units @ 22.1k
/ 3.1k
79 buildings @ 11.5k
/ 5.6k


| Lesser Clarity Potion | 5 | 350 |
| Scroll of Regeneration | 3 | 300 |
| Potion of Mana | 1 | 200 |
| Potion of Healing | 2 | 300 |
| Staff of Sanctuary | 1 | 250 |
| Scroll of Town Portal | 3 | 1050 |
| Healing Salve | 2 | 200 |
| Scroll of Speed | 1 | 50 |
| total: | 18 | 2700g |
| Peasant | 17 | 1275 | / | 0 |
| Rifleman | 16 | 3280 | / | 480 |
| Siege Engine | 3 | 585 | / | 180 |
| Goblin Shredder | 1 | 375 | / | 100 |
| Goblin Zeppelin | 3 | 720 | / | 180 |
| Goblin Sapper | 1 | 215 | / | 100 |
| total: | 41 | 6450g | / | 1040w |
| Altar of Kings | 1 | 180 | / | 50 |
| Farm | 9 | 720 | / | 180 |
| Blacksmith | 1 | 140 | / | 60 |
| Barracks | 3 | 480 | / | 180 |
| Town Hall | 2 | 770 | / | 410 |
| Lumber Mill | 2 | 240 | / | 0 |
| Arcane Vault | 1 | 130 | / | 30 |
| Workshop | 4 | 560 | / | 560 |
| Keep | 1 | 320 | / | 210 |
| Castle | 1 | 360 | / | 210 |
| total: | 23 | 3220g | / | 1470w |
| 0:04 | Peasant |
| 0:04 | Peasant |
| 0:04 | Peasant |
| 0:18 | Altar of Kings |
| 0:30 | Peasant |
| 0:38 | Farm |
| 0:41 | Peasant |
| 0:41 | Peasant |
| 1:06 | Blacksmith |
| 1:14 | Barracks |
| 1:36 | Farm |
| 1:37 | Farm |
| 1:40 | Peasant |
| 1:41 | Peasant |
| 1:44 | Peasant |
| 2:15 | Summon Water Elemental |
| 2:18 | Rifleman |
| 2:24 | Peasant |
| 2:24 | Peasant |
| 2:52 | Rifleman |
| 3:11 | Brilliance Aura |
| 3:33 | Town Hall |
| 3:51 | Rifleman |
| 4:06 | Black Gunpowder |
| 4:30 | Rifleman |
| 4:34 | Peasant |
| 4:38 | Farm |
| 4:41 | Farm |
| 4:49 | Rifleman |
| 4:57 | Lumber Mill |
| 5:08 | Rifleman |
| 5:17 | Goblin Shredder |
| 5:24 | Summon Water Elemental |
| 5:30 | Rifleman |
| 5:39 | Rifleman |
| 5:45 | Farm |
| 6:01 | Rifleman |
| 6:11 | Keep |
| 6:23 | Arcane Vault |
| 6:27 | Barracks |
| 6:42 | Studded Leather Armor |
| 6:44 | Iron Plating |
| 6:47 | Lumber Mill |
| 7:07 | Brilliance Aura |
| 7:09 | Barracks |
| 7:10 | Farm |
| 7:22 | Town Hall |
| 7:26 | Lesser Clarity Potion |
| 7:27 | Healing Salve |
| 7:37 | Healing Salve |
| 7:39 | Scroll of Speed |
| 7:52 | Goblin Zeppelin |
| 8:16 | Farm |
| 8:52 | Refined Gunpowder |
| 8:53 | Long Rifles |
| 8:53 | Castle |
| 9:00 | Workshop |
| 9:00 | Workshop |
| 9:16 | Workshop |
| 9:18 | Workshop |
| 9:51 | Goblin Sapper |
| 9:59 | Reinforced Leather Armor |
| 10:36 | Goblin Zeppelin |
| 10:38 | Scroll of Regeneration |
| 10:41 | Rifleman |
| 10:45 | Scroll of Regeneration |
| 10:45 | Scroll of Town Portal |
| 11:11 | Summon Water Elemental |
| 11:46 | Siege Engine |
| 11:51 | Imbued Gunpowder |
| 11:52 | Steel Plating |
| 12:00 | Rifleman |
| 12:00 | Rifleman |
| 12:14 | Farm |
| 12:34 | Dragonhide Armor |
| 12:51 | Rifleman |
| 12:59 | Rifleman |
| 13:33 | Siege Engine |
| 13:52 | Peasant |
| 13:55 | Lesser Clarity Potion |
| 13:55 | Potion of Mana |
| 13:57 | Scroll of Town Portal |
| 14:06 | Peasant |
| 14:06 | Peasant |
| 14:11 | Peasant |
| 14:12 | Peasant |
| 14:43 | Mass Teleport |
| 14:47 | Holy Light |
| 15:05 | Rifleman |
| 15:14 | Lesser Clarity Potion |
| 15:14 | Potion of Healing |
| 15:16 | Scroll of Town Portal |
| 15:33 | Potion of Healing |
| 15:34 | Staff of Sanctuary |
| 15:35 | Lesser Clarity Potion |
| 15:35 | Scroll of Regeneration |
| 15:57 | Goblin Zeppelin |
| 16:00 | Rifleman |
| 16:06 | Siege Engine |
| 16:13 | Lesser Clarity Potion |
| 17:23 | Divine Shield |
| Right click | 399 |
| Select | 350 |
| Select group | 140 |
| Build/train/purchase | 135 |
| Misc. action | 78 |
| Assign group | 73 |
| Use ability | 33 |
| Esc | 6 |
| Item give/drop | 5 |
| Minimap ping | 5 |


| Wisp | 25 | 1500 | / | 0 |
| Archer | 13 | 1690 | / | 130 |
| Druid of the Talon | 2 | 290 | / | 40 |
| Chimaera | 5 | 1650 | / | 350 |
| Goblin Shredder | 2 | 750 | / | 200 |
| Gryphon Rider | 3 | 840 | / | 210 |
| Rifleman | 3 | 615 | / | 90 |
| total: | 53 | 7335g | / | 1020w |
| Ancient Protector | 7 | 945 | / | 560 |
| Altar of Elders | 3 | 540 | / | 150 |
| Ancient of War | 1 | 150 | / | 60 |
| Moon Well | 5 | 900 | / | 200 |
| Ancient of Wonders | 1 | 90 | / | 30 |
| Tree of Life | 1 | 340 | / | 185 |
| Hunter's Hall | 1 | 210 | / | 100 |
| Ancient of Wind | 1 | 150 | / | 140 |
| Chimaera Roost | 6 | 840 | / | 1140 |
| Tree of Ages | 1 | 320 | / | 180 |
| Tree of Eternity | 1 | 330 | / | 200 |
| Farm | 4 | 320 | / | 80 |
| total: | 30 | 4485g | / | 2645w |
| 0:03 | Wisp |
| 0:03 | Wisp |
| 0:07 | Altar of Elders |
| 0:20 | Ancient of War |
| 0:26 | Moon Well |
| 0:36 | Wisp |
| 1:05 | Wisp |
| 1:05 | Wisp |
| 1:05 | Wisp |
| 1:06 | Wisp |
| 1:27 | Archer |
| 1:27 | Archer |
| 1:27 | Archer |
| 1:27 | Archer |
| 1:48 | Wisp |
| 1:49 | Archer |
| 2:00 | Ancient of Wonders |
| 2:01 | Wisp |
| 2:28 | Force of Nature |
| 2:45 | Moon Well |
| 3:21 | Tree of Ages |
| 3:25 | Entangling Roots |
| 3:49 | Archer |
| 3:49 | Archer |
| 4:24 | Tree of Life |
| 4:45 | Moon Well |
| 4:54 | Hunter's Hall |
| 5:03 | Goblin Shredder |
| 5:50 | Force of Nature |
| 6:01 | Tree of Eternity |
| 6:17 | Archer |
| 6:17 | Archer |
| 6:18 | Archer |
| 6:38 | Ancient of Wind |
| 6:41 | Moon Well |
| 6:58 | Wisp |
| 6:58 | Wisp |
| 6:59 | Wisp |
| 6:59 | Wisp |
| 7:00 | Wisp |
| 7:52 | Druid of the Talon |
| 7:53 | Improved Bows |
| 7:56 | Strength of the Moon |
| 8:34 | Marksmanship |
| 8:35 | Archer |
| 8:53 | Trueshot Aura |
| 9:00 | Chimaera Roost |
| 9:01 | Chimaera Roost |
| 9:02 | Chimaera Roost |
| 9:29 | Archer |
| 9:29 | Archer |
| 9:31 | Druid of the Talon |
| 10:14 | Entangling Roots |
| 11:15 | Wisp |
| 11:15 | Wisp |
| 11:16 | Wisp |
| 11:28 | Altar of Elders |
| 11:29 | Moon Well |
| 11:30 | Chimaera Roost |
| 11:31 | Chimaera Roost |
| 11:32 | Chimaera Roost |
| 11:33 | Wisp |
| 11:33 | Wisp |
| 11:33 | Wisp |
| 11:36 | Ancient Protector |
| 12:22 | Ancient Protector |
| 12:24 | Ancient Protector |
| 12:26 | Ancient Protector |
| 12:34 | Wisp |
| 12:34 | Wisp |
| 12:35 | Wisp |
| 12:35 | Wisp |
| 12:36 | Wisp |
| 12:52 | Ancient Protector |
| 12:53 | Ancient Protector |
| 12:55 | Ancient Protector |
| 12:57 | Chimaera |
| 13:10 | Gryphon Rider |
| 13:15 | Gryphon Rider |
| 13:16 | Rifleman |
| 14:09 | Altar of Elders |
| 14:11 | Chimaera |
| 14:29 | Goblin Shredder |
| 15:06 | Farm |
| 15:06 | Farm |
| 15:07 | Farm |
| 15:07 | Farm |
| 15:11 | Storm Hammers |
| 15:41 | Chimaera |
| 15:54 | Gryphon Rider |
| 15:56 | Rifleman |
| 15:56 | Rifleman |
| 17:09 | Brilliance Aura |
| 17:23 | Chimaera |
| 17:43 | Blizzard |
| 17:55 | Chimaera |
| Right click | 648 |
| Select | 336 |
| Select group | 140 |
| Build/train/purchase | 90 |
| Use ability | 66 |
| Assign group | 28 |
| Misc. action | 22 |
| Minimap ping | 12 |
| Item give/drop | 5 |
| Esc | 3 |
| Remove unit | 1 |

| Scroll of Regeneration | 2 | 200 |
| Mechanical Critter | 1 | 50 |
| Lesser Clarity Potion | 1 | 70 |
| Potion of Healing | 1 | 150 |
| Potion of Mana | 1 | 200 |
| Scroll of Town Portal | 1 | 350 |
| total: | 7 | 1020g |
| Peasant | 12 | 900 | / | 0 |
| Footman | 1 | 135 | / | 0 |
| Rifleman | 11 | 2255 | / | 330 |
| total: | 24 | 3290g | / | 330w |
| Scout Tower | 1 | 30 | / | 20 |
| Arcane Tower | 1 | 70 | / | 50 |
| Altar of Kings | 1 | 180 | / | 50 |
| Farm | 5 | 400 | / | 100 |
| Blacksmith | 1 | 140 | / | 60 |
| Barracks | 1 | 160 | / | 60 |
| Lumber Mill | 1 | 120 | / | 0 |
| Town Hall | 1 | 385 | / | 205 |
| Arcane Vault | 1 | 130 | / | 30 |
| Gryphon Aviary | 2 | 280 | / | 300 |
| Keep | 1 | 320 | / | 210 |
| Castle | 1 | 360 | / | 210 |
| total: | 14 | 1825g | / | 825w |
| 0:04 | Peasant |
| 0:04 | Peasant |
| 0:21 | Altar of Kings |
| 0:30 | Peasant |
| 0:37 | Farm |
| 0:47 | Blacksmith |
| 1:03 | Barracks |
| 1:05 | Peasant |
| 1:31 | Farm |
| 1:32 | Peasant |
| 1:41 | Scout Tower |
| 1:45 | Peasant |
| 2:13 | Lumber Mill |
| 2:16 | Arcane Tower |
| 2:21 | Footman |
| 2:28 | Summon Water Elemental |
| 2:39 | Rifleman |
| 2:42 | Rifleman |
| 2:47 | Farm |
| 3:43 | Peasant |
| 3:44 | Peasant |
| 3:45 | Peasant |
| 3:47 | Rifleman |
| 4:20 | Brilliance Aura |
| 4:33 | Peasant |
| 4:33 | Peasant |
| 4:34 | Peasant |
| 4:42 | Farm |
| 4:49 | Town Hall |
| 5:12 | Arcane Vault |
| 5:30 | Rifleman |
| 6:31 | Keep |
| 6:33 | Scroll of Regeneration |
| 6:41 | Mechanical Critter |
| 6:55 | Rifleman |
| 6:57 | Black Gunpowder |
| 7:01 | Farm |
| 7:14 | Rifleman |
| 7:44 | Summon Water Elemental |
| 8:34 | Rifleman |
| 8:56 | Castle |
| 8:58 | Long Rifles |
| 9:42 | Rifleman |
| 9:47 | Gryphon Aviary |
| 9:49 | Gryphon Aviary |
| 10:14 | Rifleman |
| 10:18 | Lesser Clarity Potion |
| 10:20 | Potion of Healing |
| 10:20 | Potion of Mana |
| 10:20 | Scroll of Town Portal |
| 10:31 | Improved Lumber Harvesting |
| 10:52 | Rifleman |
| 10:53 | Rifleman |
| 10:57 | Scroll of Regeneration |
| Right click | 330 |
| Select group | 208 |
| Select | 141 |
| Build/train/purchase | 61 |
| Assign group | 26 |
| Misc. action | 2 |
| Use ability | 2 |
| Remove unit | 1 |

| Healing Salve | 1 | 100 |
| total: | 1 | 100g |
| Peon | 7 | 525 | / | 0 |
| Troll Headhunter | 10 | 1400 | / | 200 |
| Shaman | 11 | 1430 | / | 220 |
| Troll Berserker | 10 | 1400 | / | 200 |
| Kodo Beast | 1 | 255 | / | 60 |
| total: | 39 | 5010g | / | 680w |
| Altar of Storms | 1 | 180 | / | 50 |
| Orc Burrow | 6 | 960 | / | 240 |
| War Mill | 1 | 205 | / | 0 |
| Barracks | 1 | 180 | / | 50 |
| Voodoo Lounge | 1 | 130 | / | 30 |
| Spirit Lodge | 1 | 150 | / | 150 |
| Beastiary | 1 | 145 | / | 140 |
| Stronghold | 1 | 315 | / | 190 |
| Fortress | 1 | 325 | / | 190 |
| total: | 12 | 1950g | / | 660w |
| 0:07 | Altar of Storms |
| 0:08 | Peon |
| 0:08 | Peon |
| 0:12 | Orc Burrow |
| 0:45 | Peon |
| 0:49 | Peon |
| 1:11 | War Mill |
| 1:16 | Peon |
| 1:42 | Peon |
| 1:52 | Barracks |
| 2:11 | Voodoo Lounge |
| 2:28 | War Stomp |
| 2:44 | Stronghold |
| 2:59 | Troll Headhunter |
| 3:24 | Orc Burrow |
| 3:33 | Troll Headhunter |
| 3:58 | Steel Ranged Weapons |
| 4:08 | Orc Burrow |
| 4:20 | Healing Salve |
| 4:36 | Troll Headhunter |
| 5:14 | Spirit Lodge |
| 5:17 | Peon |
| 5:28 | Endurance Aura |
| 5:35 | Troll Headhunter |
| 6:02 | Fortress |
| 6:28 | Troll Headhunter |
| 6:33 | Troll Headhunter |
| 6:33 | Troll Headhunter |
| 6:50 | Shaman |
| 7:24 | Shaman Adept Training |
| 7:29 | Troll Headhunter |
| 7:30 | Troll Regeneration |
| 8:02 | Shaman |
| 8:29 | War Stomp |
| 9:08 | Shaman Master Training |
| 9:09 | Shaman |
| 9:09 | Shaman |
| 9:11 | Berserker Upgrade |
| 9:11 | Troll Headhunter |
| 9:11 | Troll Headhunter |
| 9:58 | Troll Berserker |
| 10:04 | Orc Burrow |
| 10:21 | Shaman |
| 10:22 | Troll Berserker |
| 10:22 | Troll Berserker |
| 10:25 | Steel Armor |
| 11:17 | Shaman |
| 11:19 | Troll Berserker |
| 11:20 | Troll Berserker |
| 11:26 | Beastiary |
| 11:58 | Orc Burrow |
| 12:29 | Endurance Aura |
| 13:30 | War Drums Damage Increase |
| 13:31 | Kodo Beast |
| 13:44 | Troll Berserker |
| 13:44 | Troll Berserker |
| 14:26 | Orc Burrow |
| 14:31 | Troll Berserker |
| 14:39 | Shaman |
| 14:39 | Shaman |
| 14:59 | Thorium Armor |
| 15:16 | Shaman |
| 15:32 | Shaman |
| 15:40 | Troll Berserker |
| 16:18 | Thorium Ranged Weapons |
| 16:33 | Shaman |
| 16:35 | Troll Berserker |
| Select | 167 |
| Right click | 135 |
| Build/train/purchase | 66 |
| Select group | 52 |
| Assign group | 21 |
| Misc. action | 13 |
| Resource trade | 5 |
| Use ability | 4 |
| Item give/drop | 3 |
129 units @ 18k
/ 2k
99 buildings @ 13.1k
/ 6.1k


| Scroll of Regeneration | 2 | 200 |
| Mechanical Critter | 2 | 100 |
| total: | 4 | 300g |
| Peasant | 17 | 1275 | / | 0 |
| Footman | 12 | 1620 | / | 0 |
| Sorceress | 9 | 1395 | / | 180 |
| Rifleman | 5 | 1025 | / | 150 |
| Priest | 7 | 945 | / | 70 |
| Gryphon Rider | 3 | 840 | / | 210 |
| Goblin Shredder | 1 | 375 | / | 100 |
| total: | 54 | 7475g | / | 710w |
| Scout Tower | 3 | 90 | / | 60 |
| Arcane Tower | 2 | 140 | / | 100 |
| Altar of Kings | 1 | 180 | / | 50 |
| Barracks | 1 | 160 | / | 60 |
| Farm | 11 | 880 | / | 220 |
| Arcane Vault | 1 | 130 | / | 30 |
| Town Hall | 2 | 770 | / | 410 |
| Blacksmith | 1 | 140 | / | 60 |
| Lumber Mill | 1 | 120 | / | 0 |
| Arcane Sanctum | 2 | 300 | / | 280 |
| Gryphon Aviary | 2 | 280 | / | 300 |
| Keep | 1 | 320 | / | 210 |
| Castle | 1 | 360 | / | 210 |
| total: | 25 | 3050g | / | 1470w |
| 0:01 | Peasant |
| 0:04 | Altar of Kings |
| 0:06 | Peasant |
| 0:12 | Peasant |
| 0:18 | Barracks |
| 0:33 | Farm |
| 0:34 | Peasant |
| 0:45 | Peasant |
| 0:55 | Peasant |
| 1:08 | Farm |
| 1:14 | Peasant |
| 1:19 | Peasant |
| 1:25 | Footman |
| 1:36 | Footman |
| 1:46 | Arcane Vault |
| 1:59 | Peasant |
| 2:06 | Footman |
| 2:09 | Blizzard |
| 2:23 | Farm |
| 2:55 | Brilliance Aura |
| 3:24 | Town Hall |
| 3:34 | Footman |
| 3:34 | Peasant |
| 3:44 | Peasant |
| 3:44 | Footman |
| 4:36 | Scroll of Regeneration |
| 4:38 | Mechanical Critter |
| 4:39 | Mechanical Critter |
| 4:48 | Keep |
| 4:54 | Farm |
| 4:57 | Scout Tower |
| 5:00 | Peasant |
| 5:00 | Peasant |
| 5:16 | Footman |
| 5:41 | Blizzard |
| 5:55 | Arcane Tower |
| 5:56 | Footman |
| 5:59 | Peasant |
| 6:01 | Scout Tower |
| 6:09 | Footman |
| 6:21 | Scroll of Regeneration |
| 6:25 | Defend |
| 6:25 | Footman |
| 6:33 | Blacksmith |
| 6:35 | Arcane Tower |
| 6:40 | Peasant |
| 6:41 | Scout Tower |
| 6:56 | Footman |
| 7:30 | Arcane Sanctum |
| 7:32 | Peasant |
| 8:06 | Storm Bolt |
| 9:01 | Sorceress |
| 9:03 | Arcane Sanctum |
| 9:04 | Castle |
| 9:08 | Iron Forged Swords |
| 9:08 | Studded Leather Armor |
| 9:34 | Rifleman |
| 10:09 | Footman |
| 10:10 | Sorceress |
| 10:11 | Priest |
| 10:26 | Priest |
| 10:41 | Brilliance Aura |
| 10:47 | Footman |
| 10:49 | Sorceress |
| 10:49 | Priest |
| 11:03 | Farm |
| 11:36 | Sorceress Adept Training |
| 11:36 | Priest Adept Training |
| 11:50 | Goblin Shredder |
| 11:58 | Steel Forged Swords |
| 11:58 | Reinforced Leather Armor |
| 12:03 | Lumber Mill |
| 12:27 | Priest Master Training |
| 12:28 | Long Rifles |
| 12:29 | Rifleman |
| 12:33 | Farm |
| 12:33 | Farm |
| 12:34 | Farm |
| 12:36 | Farm |
| 12:36 | Farm |
| 12:51 | Bash |
| 12:53 | Rifleman |
| 12:56 | Sorceress Master Training |
| 13:20 | Blizzard |
| 13:34 | Rifleman |
| 13:36 | Sorceress |
| 13:36 | Priest |
| 14:07 | Gryphon Aviary |
| 14:23 | Sorceress |
| 14:23 | Sorceress |
| 14:37 | Sorceress |
| 14:37 | Priest |
| 14:40 | Storm Bolt |
| 15:07 | Sorceress |
| 15:07 | Priest |
| 15:10 | Town Hall |
| 15:21 | Gryphon Aviary |
| 15:23 | Mithril Forged Swords |
| 15:23 | Dragonhide Armor |
| 15:51 | Storm Hammers |
| 15:52 | Gryphon Rider |
| 16:01 | Improved Lumber Harvesting |
| 17:12 | Rifleman |
| 17:13 | Sorceress |
| 17:13 | Priest |
| 17:15 | Gryphon Rider |
| 17:15 | Gryphon Rider |
| 17:17 | Farm |
| 17:53 | Brilliance Aura |
| 18:05 | Bash |
| 18:12 | Peasant |
| Right click | 988 |
| Select | 445 |
| Assign group | 420 |
| Select group | 256 |
| Build/train/purchase | 132 |
| Misc. action | 65 |
| Use ability | 50 |
| Chat | 36 |
| Remove unit | 6 |
| Item give/drop | 1 |


| Lesser Clarity Potion | 1 | 70 |
| Scroll of Town Portal | 2 | 700 |
| total: | 3 | 770g |
| Peasant | 12 | 900 | / | 0 |
| Footman | 3 | 405 | / | 0 |
| Sorceress | 7 | 1085 | / | 140 |
| Priest | 2 | 270 | / | 20 |
| Spell Breaker | 1 | 215 | / | 30 |
| Goblin Shredder | 1 | 375 | / | 100 |
| total: | 26 | 3250g | / | 290w |
| Scout Tower | 9 | 270 | / | 180 |
| Altar of Kings | 1 | 180 | / | 50 |
| Farm | 11 | 880 | / | 220 |
| Barracks | 1 | 160 | / | 60 |
| Town Hall | 1 | 385 | / | 205 |
| Arcane Vault | 1 | 130 | / | 30 |
| Blacksmith | 1 | 140 | / | 60 |
| Cannon Tower | 2 | 240 | / | 200 |
| Arcane Sanctum | 4 | 600 | / | 560 |
| Workshop | 1 | 140 | / | 140 |
| Keep | 1 | 320 | / | 210 |
| Castle | 1 | 360 | / | 210 |
| total: | 30 | 2885g | / | 1505w |
| 0:04 | Peasant |
| 0:04 | Peasant |
| 0:04 | Peasant |
| 0:21 | Altar of Kings |
| 0:22 | Farm |
| 0:35 | Barracks |
| 0:47 | Peasant |
| 0:52 | Farm |
| 1:01 | Peasant |
| 1:23 | Peasant |
| 1:31 | Farm |
| 1:38 | Footman |
| 1:41 | Peasant |
| 1:41 | Peasant |
| 1:54 | Footman |
| 2:08 | Peasant |
| 2:15 | Footman |
| 2:21 | Summon Water Elemental |
| 2:30 | Peasant |
| 2:43 | Peasant |
| 2:43 | Peasant |
| 3:05 | Keep |
| 3:16 | Brilliance Aura |
| 4:24 | Town Hall |
| 4:51 | Summon Water Elemental |
| 5:09 | Farm |
| 5:18 | Arcane Vault |
| 5:19 | Goblin Shredder |
| 5:38 | Arcane Sanctum |
| 5:41 | Arcane Sanctum |
| 6:12 | Castle |
| 6:13 | Farm |
| 6:14 | Farm |
| 6:59 | Sorceress |
| 7:15 | Arcane Sanctum |
| 7:17 | Arcane Sanctum |
| 7:31 | Blacksmith |
| 7:34 | Farm |
| 7:35 | Farm |
| 7:48 | Sorceress |
| 7:57 | Holy Light |
| 8:12 | Sorceress Adept Training |
| 8:12 | Sorceress |
| 8:20 | Brilliance Aura |
| 8:33 | Sorceress |
| 8:52 | Sorceress |
| 9:18 | Sorceress |
| 9:35 | Divine Shield |
| 9:54 | Sorceress |
| 10:47 | Sorceress Master Training |
| 10:48 | Priest Adept Training |
| 10:53 | Priest |
| 11:16 | Summon Water Elemental |
| 11:35 | Priest |
| 11:38 | Farm |
| 11:52 | Farm |
| 11:52 | Farm |
| 12:17 | Priest Master Training |
| 12:39 | Spell Breaker |
| 12:41 | Lesser Clarity Potion |
| 13:46 | Scroll of Town Portal |
| 14:05 | Scroll of Town Portal |
| 14:14 | Scout Tower |
| 14:16 | Scout Tower |
| 14:17 | Scout Tower |
| 14:18 | Scout Tower |
| 14:58 | Holy Light |
| 15:16 | Workshop |
| 15:20 | Scout Tower |
| 15:22 | Scout Tower |
| 15:23 | Scout Tower |
| 16:03 | Cannon Tower |
| 16:06 | Scout Tower |
| 16:08 | Scout Tower |
| 16:51 | Mass Teleport |
| 17:32 | Cannon Tower |
| 17:53 | Blizzard |
| Right click | 630 |
| Assign group | 327 |
| Select group | 324 |
| Select | 308 |
| Build/train/purchase | 106 |
| Use ability | 73 |
| Chat | 27 |
| Minimap ping | 8 |
| Remove unit | 4 |

| Acolyte | 3 | 225 | / | 0 |
| Ghoul | 6 | 720 | / | 0 |
| Crypt Fiend | 7 | 1505 | / | 280 |
| Frost Wyrm | 1 | 385 | / | 120 |
| total: | 17 | 2835g | / | 400w |
| Nerubian Tower | 2 | 200 | / | 40 |
| Spirit Tower | 2 | 290 | / | 80 |
| Ziggurat | 12 | 1800 | / | 600 |
| Altar of Darkness | 1 | 180 | / | 50 |
| Crypt | 2 | 400 | / | 100 |
| Graveyard | 1 | 215 | / | 0 |
| Tomb of Relics | 2 | 260 | / | 60 |
| Sacrificial Pit | 1 | 75 | / | 150 |
| Boneyard | 2 | 350 | / | 400 |
| Halls of the Dead | 1 | 320 | / | 210 |
| Black Citadel | 1 | 325 | / | 230 |
| total: | 21 | 3280g | / | 1360w |
| 0:08 | Acolyte |
| 0:08 | Acolyte |
| 0:13 | Ziggurat |
| 0:18 | Altar of Darkness |
| 1:01 | Crypt |
| 1:10 | Graveyard |
| 1:12 | Nerubian Tower |
| 1:22 | Acolyte |
| 1:41 | Ziggurat |
| 1:53 | Tomb of Relics |
| 2:04 | Ghoul |
| 2:13 | Ghoul |
| 2:26 | Ghoul |
| 2:29 | Unholy Aura |
| 2:47 | Crypt |
| 2:58 | Ghoul |
| 3:19 | Ghoul |
| 3:30 | Ghoul |
| 3:39 | Ziggurat |
| 3:59 | Crypt Fiend |
| 4:07 | Crypt Fiend |
| 4:32 | Crypt Fiend |
| 4:51 | Crypt Fiend |
| 5:20 | Halls of the Dead |
| 5:37 | Ziggurat |
| 6:14 | Creature Attack |
| 6:14 | Creature Carapace |
| 6:23 | Ziggurat |
| 6:25 | Death Coil |
| 6:42 | Crypt Fiend |
| 7:29 | Crypt Fiend |
| 8:23 | Web |
| 8:27 | Improved Creature Carapace |
| 8:51 | Black Citadel |
| 9:49 | Sacrificial Pit |
| 9:51 | Improved Creature Attack |
| 10:04 | Ziggurat |
| 10:08 | Ziggurat |
| 10:50 | Ziggurat |
| 10:59 | Crypt Fiend |
| 11:25 | Unholy Aura |
| 11:49 | Boneyard |
| 11:53 | Ghoul Frenzy |
| 12:14 | Boneyard |
| 12:18 | Advanced Creature Carapace |
| 12:21 | Advanced Creature Attack |
| 13:05 | Death Coil |
| 13:53 | Frost Wyrm |
| 14:00 | Ziggurat |
| 15:04 | Ziggurat |
| 15:22 | Unholy Aura |
| 15:38 | Tomb of Relics |
| 15:57 | Spirit Tower |
| 15:59 | Spirit Tower |
| 16:01 | Nerubian Tower |
| 16:52 | Ziggurat |
| 16:55 | Freezing Breath |
| 17:09 | Ziggurat |
| Right click | 287 |
| Select group | 272 |
| Select | 128 |
| Chat | 50 |
| Build/train/purchase | 39 |
| Assign group | 29 |
| Use ability | 12 |
| Remove unit | 1 |
| Minimap ping | 1 |


| Scroll of Speed | 3 | 150 |
| Healing Salve | 4 | 400 |
| Lesser Clarity Potion | 9 | 630 |
| Potion of Healing | 2 | 300 |
| Scroll of Town Portal | 1 | 350 |
| total: | 19 | 1830g |
| Peon | 14 | 1050 | / | 0 |
| Grunt | 3 | 600 | / | 0 |
| Troll Headhunter | 2 | 280 | / | 40 |
| Spirit Walker | 3 | 585 | / | 105 |
| Troll Berserker | 5 | 700 | / | 100 |
| Tauren | 2 | 560 | / | 160 |
| Troll Witch Doctor | 2 | 290 | / | 50 |
| Goblin Shredder | 1 | 375 | / | 100 |
| total: | 32 | 4440g | / | 555w |
| Watch Tower | 5 | 550 | / | 400 |
| Altar of Storms | 1 | 180 | / | 50 |
| Orc Burrow | 9 | 1440 | / | 360 |
| Voodoo Lounge | 1 | 130 | / | 30 |
| Barracks | 1 | 180 | / | 50 |
| War Mill | 1 | 205 | / | 0 |
| Great Hall | 2 | 770 | / | 370 |
| Tauren Totem | 2 | 270 | / | 310 |
| Spirit Lodge | 1 | 150 | / | 150 |
| Stronghold | 3 | 945 | / | 570 |
| Fortress | 1 | 325 | / | 190 |
| total: | 23 | 3875g | / | 1720w |
| 0:02 | Peon |
| 0:03 | Peon |
| 0:16 | Altar of Storms |
| 0:23 | Orc Burrow |
| 0:25 | Peon |
| 0:34 | Peon |
| 0:52 | Peon |
| 1:05 | Voodoo Lounge |
| 1:07 | Peon |
| 1:16 | Orc Burrow |
| 1:25 | Peon |
| 1:32 | Peon |
| 1:54 | Peon |
| 2:05 | Peon |
| 2:16 | Orc Burrow |
| 2:25 | Shockwave |
| 2:34 | Stronghold |
| 2:34 | Stronghold |
| 3:00 | Barracks |
| 3:15 | Scroll of Speed |
| 3:15 | Healing Salve |
| 3:16 | Lesser Clarity Potion |
| 3:33 | War Mill |
| 4:05 | Grunt |
| 4:21 | Lesser Clarity Potion |
| 4:33 | Grunt |
| 5:10 | Fortress |
| 5:15 | Tauren Totem |
| 5:17 | Tauren Totem |
| 5:44 | Endurance Aura |
| 6:04 | Grunt |
| 6:11 | Troll Headhunter |
| 6:26 | Spirit Lodge |
| 6:32 | Reinforced Defenses |
| 6:45 | Troll Headhunter |
| 7:23 | Healing Wave |
| 7:30 | Spirit Walker |
| 7:30 | Spirit Walker Adept Training |
| 7:48 | Witch Doctor Adept Training |
| 8:03 | Healing Salve |
| 8:10 | Lesser Clarity Potion |
| 8:15 | Lesser Clarity Potion |
| 8:25 | Great Hall |
| 9:16 | Endurance Aura |
| 9:31 | Watch Tower |
| 9:35 | Watch Tower |
| 9:38 | Watch Tower |
| 9:42 | Watch Tower |
| 9:49 | Great Hall |
| 10:59 | Orc Burrow |
| 11:04 | Orc Burrow |
| 11:12 | Orc Burrow |
| 11:34 | Potion of Healing |
| 11:35 | Lesser Clarity Potion |
| 11:50 | Berserker Upgrade |
| 12:03 | Orc Burrow |
| 13:19 | Goblin Shredder |
| 13:36 | Troll Berserker |
| 13:38 | Serpent Ward |
| 13:58 | Spirit Walker Master Training |
| 14:04 | Lesser Clarity Potion |
| 14:04 | Lesser Clarity Potion |
| 14:05 | Healing Salve |
| 14:16 | Scroll of Speed |
| 14:17 | Potion of Healing |
| 14:20 | Peon |
| 14:20 | Peon |
| 14:21 | Peon |
| 14:21 | Peon |
| 14:35 | Troll Berserker |
| 15:05 | Troll Berserker |
| 15:15 | Tauren |
| 15:21 | Witch Doctor Master Training |
| 15:23 | Troll Witch Doctor |
| 15:23 | Troll Berserker |
| 15:39 | Tauren |
| 15:45 | Orc Burrow |
| 15:52 | Steel Armor |
| 16:09 | Troll Regeneration |
| 16:11 | Pulverize |
| 16:17 | Orc Burrow |
| 16:48 | Shockwave |
| 17:28 | Watch Tower |
| 17:42 | Scroll of Town Portal |
| 17:42 | Scroll of Speed |
| 17:44 | Lesser Clarity Potion |
| 17:47 | Healing Salve |
| 17:49 | Lesser Clarity Potion |
| 17:52 | Troll Berserker |
| 17:53 | Spirit Walker |
| 17:55 | Spirit Walker |
| 17:58 | Troll Witch Doctor |
| 18:02 | Steel Ranged Weapons |
| Select group | 319 |
| Right click | 272 |
| Select | 243 |
| Build/train/purchase | 111 |
| Use ability | 44 |
| Misc. action | 30 |
| Assign group | 26 |
| Item give/drop | 2 |
| Esc | 2 |
⇛